 Dungeon Crawl Stone Soup version 0.30-a0-696-g2367cd04db (console) character file.

Game seed: 13187921639555335579

46 jejorda2 the Chopper (level 3, -1/43 HPs)
             Began as a Human Berserker on Jan 20, 2023.
             Was a Follower of Trog.
             Slain by a gnoll
             ... wielding a +0 club
              (2 damage)
             ... on level 2 of the Dungeon.
             The game lasted 00:02:28 (1011 turns).

jejorda2 the Chopper (Human Berserker)              Turns: 1011, Time: 00:02:29

Health: -1/43      AC:  4    Str: 19    XL:     3   Next: 95%
Magic:  3/3        EV: 12    Int:  7    God:    Trog [*.....]
Gold:   78         SH:  0    Dex: 15    Spells: 2/2 levels left

rFire   + . .      SeeInvis .    a - +0 hand axe
rCold   + + .      Faith    .    (no shield)
rNeg    . . .      Spirit   .    b - +1 leather armour of Hooduot {-Tele rF+ rC++ Dex+3}
rPois   .          Reflect  .    (no helmet)
rElec   .          Harm     .    (no cloak)
rCorr   .          Rampage  .    (no gloves)
Will    .....      NoTele   +    (no boots) Stlth
                                 (no amulet)
HPRegen 0.27/turn                (no ring)
MPRegen 0.08/turn                (no ring)

@: berserking (expiring), lethally poisoned (-1 -> -9), very quick
A: no striking features
a: Renounce Religion, Berserk


You were on level 2 of the Dungeon.
You worshipped Trog.
Trog was aware of your devotion.
You visited 1 branch of the dungeon, and saw 2 of its levels.

You collected 78 gold pieces.

Inventory:

Hand Weapons
 a - a +0 hand axe (weapon)
Missiles
 g - 4 boomerangs (quivered)
 h - 20 stones
Armour
 b - the +1 leather armour of Hooduot (worn) {-Tele rF+ rC++ Dex+3}
   (You found it on level 2 of the Dungeon)

   Dex:       It affects your dexterity (+3).
   rF:        It protects you from fire.
   rC:        It greatly protects you from cold.
   -Tele:     It prevents most forms of teleportation.
Scrolls
 c - a scroll of identify {unknown}
 d - a scroll of silence {unknown}
Potions
 e - a potion of mutation {unknown}
 f - 3 potions of brilliance {unknown}
 i - 2 potions of haste {unknown}


   Skills:
 + Level 3.4 Fighting
 * Level 3.8 Axes
 + Level 2.5 Armour
 - Level 2.0 Dodging


You had 2 spell levels left.
You didn't know any spells.
Your spell library was empty.

Dungeon Overview and Level Annotations

Branches:
Dungeon (2/15)

Altars:


Message History

You closely miss the gnoll.
The gnoll is severely wounded.
The gnoll hits you with a +0 club.
You slash the gnoll!
You kill the gnoll!
Trog accepts your kill.
You hit the gnoll.
The gnoll is lightly wounded.
The gnoll hits you with a +0 club.
The gnoll hits you from afar with a +0 halberd of venom!
You are lethally poisoned!
You hit the gnoll.
The gnoll is moderately wounded.
You feel very sick. The gnoll barely misses you.
The gnoll hits you but does no damage.
You are more poisoned.
You completely miss the gnoll.
The gnoll is moderately wounded.
* * * LOW HITPOINT WARNING * * *
You feel very sick.
You closely miss the gnoll.
The gnoll is moderately wounded.
* * * LOW HITPOINT WARNING * * *
You feel very sick. The gnoll hits you with a +0 club.
* * * LOW HITPOINT WARNING * * *
The gnoll closely misses you.
You barely miss the gnoll.
The gnoll is moderately wounded.
* * * LOW HITPOINT WARNING * * *
You feel sick.
You slash the gnoll!
The gnoll is almost dead.
* * * LOW HITPOINT WARNING * * *
You feel sick. The gnoll completely misses you. The gnoll misses you.
You closely miss the gnoll.
The gnoll is almost dead.
* * * LOW HITPOINT WARNING * * *
You feel sick. The gnoll hits you with a +0 club.
You die...

#########.###
...........>#####################
.####............................
.## #.#...#............########.#
..# #.#.#.#............# #.# ..#
#.#.#.#............# #.#
..###.#.###..#.#'#'##### #.#
...##.#......#.#.#.############.#
.#..#.#####..#.#@#..............#
.##..........#.#g################
...............#g#
.#....#####.####w# .#....###
#......# .#......##..........#
.#...##.........g...#
.......###.........$# .....#.#
#..........#


You could see 2 gnolls, a dart slug and a hobgoblin.

Vanquished Creatures
  A gnoll (D:2)
  2 dart slugs (D:1)
  4 ball pythons (D:1)
  An endoplasm (D:2)
  4 giant cockroaches (D:1)
  2 goblins
  A hobgoblin (D:2)
  4 jackals (D:1)
  3 quokkas
  A bat (D:1)
  A frilled lizard (D:2)
  A kobold (D:2)
  4 rats
29 creatures vanquished.

Notes
Turn   | Place    | Note
-------+----------+-------------------------------------------
     0 | D:1      | jejorda2 the Human Berserker began the quest for the Orb.
     0 | D:1      | Reached XP level 1. HP: 18/18 MP: 1/1
   116 | D:1      | Reached XP level 2. HP: 24/24 MP: 2/2
   422 | D:1      | Reached XP level 3. HP: 29/29 MP: 3/3
   657 | D:2      | Identified the +1 leather armour of Hooduot {-Tele rF+ rC++
                  | Dex+3}
  1011 | D:2      | HP: 1/43 [poisoned by a gnoll]
  1011 | D:2      | Slain by a gnoll

Illustrated notes

Levels and vault maps discovered:
D:1:      ebering_trefoil_twist, layout_rooms, serial_glass, glass_columns_a,
          glass_columns_c
D:2:      layout_basic, dk_noncrumbling_3

Action                   || total
-------------------------++-------
Melee: Hand axe          ||    97
       Punch             ||     2
Invok: Berserk           ||     1
 Stab: Sleeping          ||     1
Armor: Animal skin       ||     5
       Leather armour    ||    10
Dodge: Dodged            ||    61

Table legend: (Time is in decaauts)
 A = Elapsed time spent in this place.
 B = Non-inter-level travel time spent in this place.
 C = Inter-level travel time spent in this place.
 D = Time resting spent in this place.
 E = Time spent auto-exploring this place.
 F = Levels seen in this place.
 G = Mean time per level.
                   A        B        C        D        E       F      G
               +--------+--------+--------+--------+--------+-----+--------+
         Total |   1017 |   1002 |     15 |      8 |    732 |   2 |  508.5 |
       Dungeon |   1017 |   1002 |     15 |      8 |    732 |   2 |  508.5 |
               +--------+--------+--------+--------+--------+-----+--------+

Top non-repeatable levels by time:
     D:1: 582 daAuts
     D:2: 434 daAuts
